Map: Triton LE

Players

Harstem - Winner!

  • Race: Protoss Protoss
  • League: Master
  • Spawn Location: 5:00

Blackwidow

  • Race: Zerg Zerg
  • Spawn Location: 11:00

VOD

Have the link to the VOD?

Description

Time

  • Played on: Nov. 28, 2019, 6:44 a.m.
  • Length: 8:17
Show
View Real Time Build Order
Export as new Build Order

Harstem Protoss - Winner!

Build Orders: 1 Gate Expand, Oracle Opening, Zealot Archon 

Get SALT Encoding   

  12  0:01  Probe  
  13  0:13  Probe  
  14  0:20  Pylon  
  14  0:25  Probe  
  15  0:38  Probe (Chrono Boost)  
  15  0:40  Gateway  
  16  0:47  Probe (Chrono Boost)  
  16  0:48  Assimilator  
  17  0:52  Probe  
  18  1:04  Probe  
  19  1:16  Probe  
  20  1:25  Nexus  
  20  1:33  Cybernetics Core  
  20  1:36  Probe  
  21  1:42  Assimilator  
  21  1:48  Probe  
  21  1:51  Pylon  
  22  2:00  Probe  
  23  2:06  Adept (Chrono Boost)  
  23  2:12  Probe  
  26  2:23  Stargate  
  26  2:24  Probe  
  26  2:28  Adept (Chrono Boost)  
  27  2:35  Warp Gate  
  27  2:37  Probe x2  
  31  2:49  Probe x2  
  31  2:50  Adept  
  35  3:01  Probe x2  
  35  3:05  Oracle (Chrono Boost)  
  40  3:13  Pylon, Probe x2  
  42  3:25  Probe x2  
  44  3:36  Oracle (Chrono Boost)  
  44  3:37  Probe  
  44  3:38  Probe  
  44  3:40  Gateway x2  
  49  3:49  Probe  
  49  3:50  Probe  
  49  3:53  Pylon  
  51  3:55  Assimilator  
  51  3:58  Assimilator  
  51  4:01  Probe  
  52  4:09  Oracle (Chrono Boost)  
  52  4:16  Probe (Chrono Boost)  
  57  4:19  Pylon, Probe (Chrono Boost)  
  57  4:24  Adept  
  57  4:27  Pylon  
  57  4:28  Probe (Chrono Boost), Robotics Facility  
  61  4:31  Probe (Chrono Boost)  
  61  4:33  Probe (Chrono Boost)  
  62  4:38  Adept x2  
  62  4:40  Probe  
  68  4:48  Nexus  
  68  4:50  Pylon  
  67  4:53  Probe  
  67  4:54  Probe  
  67  4:55  Sentry  
  71  5:02  Sentry x2  
  71  5:04  Pylon  
  71  5:05  Probe  
  76  5:10  Probe  
  77  5:28  Probe  
  77  5:30  Probe  
  79  5:40  Probe  
  79  5:41  Immortal (Chrono Boost)  
  79  5:42  Probe  
  81  5:45  Sentry, Zealot  
  81  5:49  Forge  
  86  5:50  Twilight Council  
  86  5:53  Probe  
  86  5:54  Probe  
  86  6:00  Probe  
  86  6:02  Sentry  
  89  6:05  Probe  
  89  6:07  Gateway  
  89  6:08  Gateway  
  89  6:09  Probe  
  89  6:10  Gateway, Immortal (Chrono Boost)  
  95  6:12  Pylon  
  95  6:13  Zealot x2  
  95  6:14  Probe  
  95  6:18  Probe  
  99  6:21  Probe  
  99  6:22  Protoss Ground Weapons Level 1 (Chrono Boost)  
  99  6:25  Assimilator  
  100  6:27  Pylon  
  100  6:29  Assimilator, Charge  
  101  6:38  Gateway  
  100  6:40  Probe  
  100  6:41  Templar Archives, Probe  
  100  6:42  Gateway, Probe  
  100  6:43  Observer  
  92  6:55  Probe  
  92  6:57  Zealot x3  
  92  6:58  Probe  
  92  7:01  Warp Prism (Chrono Boost)  
  93  7:07  Probe  
  96  7:10  Zealot x3  
  96  7:13  Pylon  
  101  7:17  Gateway x2  
  101  7:20  High Templar x2  
  101  7:21  Pylon  
  101  7:22  Zealot  
  107  7:24  Archon  
  107  7:31  Warp Prism (Chrono Boost)  
  107  7:32  High Templar x2  
  107  7:33  High Templar x2  
  117  7:37  Archon x2  
  117  7:43  Photon Cannon  
  117  7:45  Pylon, Zealot x2  
  109  8:00  Zealot x2  
  117  8:07  Zealot x6  
  117  8:11  Zealot x2  
Show
View Real Time Build Order
Export as new Build Order

Blackwidow Zerg 

Build Orders: Hatch First 

Get SALT Encoding   

  12  0:00  Drone  
  13  0:13  Overlord  
  13  0:17  Drone  
  14  0:31  Drone x2  
  16  0:36  Drone  
  17  0:51  Hatchery  
  17  0:54  Drone  
  17  0:57  Drone  
  18  1:08  Extractor  
  17  1:13  Spawning Pool  
  17  1:15  Drone  
  17  1:18  Drone  
  18  1:29  Drone  
  19  1:42  Overlord  
  19  2:00  Zergling x2  
  20  2:01  Zergling x2, Queen  
  20  2:03  Queen  
  20  2:04  Drone  
  26  2:16  Drone x2  
  28  2:26  Hatchery  
  28  2:29  Drone  
  29  2:30  Drone  
  29  2:40  Pneumatized Carapace  
  29  2:43  Queen  
  31  2:47  Drone  
  32  2:52  Metabolic Boost  
  32  2:54  Drone  
  33  2:59  Drone  
  33  3:01  Drone  
  35  3:08  Overlord  
  35  3:10  Spore Crawler  
  35  3:11  Zergling x2  
  35  3:13  Zergling x2  
  35  3:34  Drone  
  35  3:35  Drone x5  
  41  3:41  Queen  
  41  3:43  Drone x2  
  41  3:46  Drone  
  46  3:56  Evolution Chamber  
  46  3:58  Drone x4  
  49  4:03  Spore Crawler  
  49  4:06  Spore Crawler  
  49  4:07  Spore Crawler  
  47  4:10  Drone  
  47  4:11  Drone  
  47  4:16  Spore Crawler  
  48  4:18  Drone  
  48  4:20  Lair  
  48  4:21  Overlord x2  
  49  4:25  Extractor  
  49  4:30  Extractor  
  47  4:34  Zerg Melee Weapons Level 1  
  47  4:35  Drone x2  
  47  4:36  Overlord x2  
  49  4:44  Queen  
  49  4:45  Queen  
  53  4:46  Spore Crawler  
  53  4:47  Drone  
  53  4:48  Drone  
  53  4:49  Drone  
  53  4:51  Drone  
  53  4:52  Drone  
  57  4:54  Drone  
  58  5:03  Drone x5  
  63  5:07  Spore Crawler  
  63  5:09  Zergling x6  
  55  5:30  Zergling x18  
  53  5:45  Zergling x18  
  57  5:53  Drone x2  
  54  6:04  Zergling x6  
  55  6:11  Zergling x4  
  57  6:24  Zergling x8  
  61  6:30  Baneling Nest  
  61  6:31  Queen  
  62  6:33  Zergling x4  
  64  6:41  Zergling x2  
  64  6:42  Zergling x4  
  66  6:52  Zergling x6  
  60  6:58  Zergling x2  
  57  7:04  Queen x2  
  57  7:05  Zergling x10  
  57  7:06  Queen  
  67  7:15  Zergling x6  
  70  7:16  Nydus Network  
  69  7:25  Zergling x10  
  74  7:32  Baneling  
  74  7:33  Baneling x5  
  74  7:39  Zergling x10  
  79  7:53  Nydus Canal  
Tags
 
Add a new tag
Caveats
  • Supply blocks, unpowered buildings, or Contaminate may cause inaccurate times.
  • Supply counts are checked every 10 seconds.